 Dungeon Crawl Stone Soup version 0.31-a0-268-g4392ee761c (webtiles) character file.

Game seed: 8454938378623923191

98 qw the Shooter (level 4, -1/36 HPs)
             Began as a Minotaur Hexslinger on July 14, 2023.
             Shot with an arrow by a centaur (6 damage)
             ... on level 3 of the Dungeon.
             The game lasted 00:00:46 (2106 turns).

qw the Shooter (Minotaur Hexslinger)                Turns: 2106, Time: 00:00:47

Health: -1/36      AC:  7    Str: 12    XL:     4   Next: 44%
Magic:  4/4        EV: 11    Int: 10    God:
Gold:   134        SH:  0    Dex: 21    Spells: 4/5 levels left

rFire   . . .        Y - +1 sling
rCold   + . .        (no shield)
rNeg    . . .        f - +0 ring mail
rPois   +            (helmet unavailable)
rElec   .            (no cloak)
rCorr   .            (no gloves)
SInv    .            (no boots)
Will    .....        o - amulet of the acrobat
Stlth   +            b - +6 ring of dexterity
HPRegen 0.26/turn    d - ring of poison resistance
MPRegen 0.09/turn

%: acrobat
@: no status effects
A: horns 3, retaliatory headbutt, iridescent scales 1, cold resistance 1
a: no special abilities


You were on level 3 of the Dungeon.
You visited 1 branch of the dungeon, and saw 3 of its levels.

You collected 134 gold pieces.


Innate Abilities, Weirdness & Mutations

You have a pair of large horns on your head.
You reflexively headbutt those who attack you in melee.
You are partially covered in iridescent scales. (AC +2)
Your flesh is cold resistant. (rC+)


   Skills:
 - Level 2.0 Fighting
 + Level 4.7 Ranged Weapons
 - Level 1.4 Armour
 - Level 2.1 Dodging
 - Level 1.0 Spellcasting
 - Level 2.0 Hexes


You had 4 spell levels left.
You knew the following spells:

 Your Spells              Type           Power      Damage    Failure   Level
a - Slow                  Hex            16%        N/A       32%         1

Your spell library contained the following spells:

 Spells                   Type           Power      Damage    Failure   Level
 Inner Flame              Hex/Fire       2%         N/A       83%         3
 Portal Projectile        Hex/Tloc       4%         N/A       83%         3
 Cause Fear               Hex            2%         N/A       97%         4

Inventory:

Hand Weapons
 Y - a +1 sling (weapon)
Armour
 f - a +0 ring mail (worn)
Jewellery
 b - a +6 ring of dexterity (left hand)
 d - a ring of poison resistance (right hand)
 o - an amulet of the acrobat (around neck)
Scrolls
 a - 2 scrolls of immolation {unknown}
 e - a scroll of identify
Potions
 c - a potion of mutation
 i - a potion of resistance {unknown}
 j - 3 potions of curing
 n - a potion of haste {unknown}

Dungeon Overview and Level Annotations

Branches:
Dungeon (3/15)

Altars:
Cheibriados


Message History

The centaur wields a +0 shortbow.
The centaur shoots an arrow.
The arrow barely misses you.
Enter note:
Enter note: You shoot a sling bullet.
The sling bullet closely misses the centaur.
The centaur shoots an arrow.
The arrow hits you.
The centaur shoots an arrow.
The arrow hits you.
You shoot a sling bullet.
The sling bullet closely misses the centaur.
The centaur shoots an arrow.
The arrow barely misses you.
The centaur shoots an arrow.
The arrow hits you.
You shoot a sling bullet.
The sling bullet closely misses the centaur.
The centaur shoots an arrow.
The arrow hits you!
The centaur shoots an arrow.
The arrow barely misses you.
A giant cockroach comes into view.
You shoot a sling bullet.
The sling bullet hits the centaur but does no damage.
The centaur shoots an arrow.
The arrow hits you.
You shoot a sling bullet.
The sling bullet hits the giant cockroach but does no damage.
You shoot a sling bullet.
The sling bullet hits the giant cockroach!
You kill the giant cockroach!
The centaur shoots an arrow.
The arrow hits you.
2103 ||| DRINKING potion of heal wounds.
You feel much better.
The centaur shoots an arrow.
The arrow barely misses you.
You shoot a sling bullet. The sling bullet hits the centaur!
The centaur is moderately wounded.
The centaur shoots an arrow.
The arrow hits you!
The centaur shoots an arrow.
The arrow hits you.
You shoot a sling bullet.
The sling bullet barely misses the centaur.
The centaur shoots an arrow.
The arrow hits you.
You shoot a sling bullet.
The sling bullet barely misses the centaur.
The centaur shoots an arrow.
The arrow hits you.
You die...

..# ..# ..#.# ..#.# .
....#### .. .##....#
# .# ######. .....#.#
#... ...!<..
.##....####.#####..c#
.##.....<.....#.@.#
.#.....#).....#..##
.......#.........#
.....#####.......##.#
###....#....###..##.#
#.##.#.........##.# #
#.# ...##.###.###.# #
#.# ####.###.###.# #
#.# #.#.)...#.#


You could see a centaur.

Vanquished Creatures
  3 adders (D:2)
  2 worms (D:2)
  3 dart slugs
  3 orcs
  5 ball pythons
  4 bats
  5 endoplasms (D:1)
  2 giant cockroaches
  7 goblins
  4 hobgoblins
  A jackal (D:1)
  3 kobolds
  4 quokkas
  2 frilled lizards
  8 rats
56 creatures vanquished.

Notes
Turn   | Place    | Note
-------+----------+-------------------------------------------
     0 | D:1      | qw the Minotaur Hexslinger began the quest for the Orb.
     0 | D:1      | Reached XP level 1. HP: 16/16 MP: 1/1
     0 | D:1      | 0 ||| qw: Version: 0.3-a-52-g30416fa
     0 | D:1      | 0 ||| qw: Game counter: 7925
     0 | D:1      | 0 ||| qw: Melee chars always use a shield: true
     0 | D:1      | 0 ||| qw: God list: Okawaru
     0 | D:1      | 0 ||| qw: Allow faded altars: false
     0 | D:1      | 0 ||| qw: Do Orc after clearing Dungeon:15 true
     0 | D:1      | 0 ||| qw: Do second Lair branch before Depths: true
     0 | D:1      | 0 ||| qw: Lair rune preference: random
     0 | D:1      | 0 ||| qw: Goals: Normal
     0 | D:1      | 0 ||| PLANNING D:1-11
   175 | D:1      | Reached skill level 3 in Ranged Weapons
   181 | D:1      | Reached XP level 2. HP: 16/23 MP: 2/2
   680 | D:1      | Reached XP level 3. HP: 29/29 MP: 3/3
   985 | D:1      | 985 ||| UPGRADING to +0 ring mail.
   995 | D:1      | 995 ||| DROPPING +0 robe.
   996 | D:1      | 996 ||| UPGRADING to amulet of the acrobat.
  1001 | D:1      | 1001 ||| READING scroll labelled PYUCLA HESHRI.
  1002 | D:1      | 1002 ||| READING scroll labelled XUSOGU LIFF.
  1003 | D:1      | 1003 ||| READING scroll labelled AWYSUBR DIFF.
  1004 | D:1      | 1004 ||| READING scroll labelled ASEHIGAUKO.
  1005 | D:1      | 1005 ||| READING scroll labelled YTULIOL WALOE.
  1006 | D:1      | 1006 ||| READING 2 scrolls labelled SABBEF KYNALACK.
  1007 | D:1      | 1007 ||| DRINKING 2 fuming ruby potions.
  1008 | D:1      | 1008 ||| DROPPING scroll of poison.
  1009 | D:1      | 1009 ||| DROPPING scroll of revelation.
  1236 | D:2      | Reached skill level 4 in Ranged Weapons
  1424 | D:2      | Reached skill level 1 in Armour
  1483 | D:2      | Reached XP level 4. HP: 36/36 MP: 4/4
  1538 | D:2      | HP: 9/36 [poisoned by an adder]
  1543 | D:2      | HP: 1/36 [worm (5)]
  1770 | D:2      | Found a snail-covered altar of Cheibriados.
  1930 | D:2      | 1930 ||| UPGRADING to +6 ring of dexterity.
  1931 | D:2      | 1931 ||| UPGRADING to ring of poison resistance.
  1932 | D:2      | 1932 ||| READING 2 scrolls labelled UNIASE DATWEWK.
  1933 | D:2      | 1933 ||| DRINKING 2 clear potions.
  1933 | D:2      | Gained mutation: You are partially covered in iridescent
                  | scales. (AC +2) [potion of mutation]
  1933 | D:2      | Gained mutation: Your flesh is cold resistant. (rC+)
                  | [potion of mutation]
  1933 | D:2      | Gained mutation: You have a pair of large horns on your
                  | head. [potion of mutation]
  1934 | D:2      | 1934 ||| DRINKING 2 sapphire potions.
  1935 | D:2      | 1935 ||| DROPPING scroll of vulnerability.
  1966 | D:3      | 1966 ||| STAIRDANCE
  2096 | D:3      | Noticed a centaur
  2102 | D:3      | HP: 7/36 [centaur/arrow (4)]
  2103 | D:3      | 2103 ||| DRINKING potion of heal wounds.
  2106 | D:3      | Shot with an arrow by a centaur

Levels and vault maps discovered:
D:1:      mushboom_english_gardens, layout_loops_corners, serial_park_tiny_pond,
          minmay_gold_behind_fungi, serial_bayou_ford_a,
          amcnicky_mini_corridor_feature, corexii_hall_statues_s,
          minmay_octomino_c4
D:2:      layout_loops_cross, basic_altar
D:3:      layout_loops_ring, grunt_temple_overflow_forces_of_nature,
          shapermc_ecumenical_altar_mp_vishouse

Skill      XL: |  1  2  3 |
---------------+----------+-----
Ranged Weapons | 3 4 |  4.7
Fighting       | 2 |  2.0
Armour         | 1 |  1.4
Dodging        | |  2.1
Spellcasting   | |  1.0
Hexes          | |  2.0

Action                     |  1- 3 |  4- 6 || total
---------------------------+-------+-------++-------
   Fire: Sling             |   119 |    46 ||   165
    Use: Scroll            |     6 |     1 ||     7
         Potion            |     1 |     3 ||     4
 Armour: Robe              |     3 |       ||     3
         Ring mail         |    11 |    10 ||    21
  Dodge: Dodged            |    48 |    26 ||    74

Table legend:
 A = Non-vault XP
 B = Vault XP
 C = Vault XP percentage of total XP
 D = Non-vault monster count
 E = Vault monster count
 F = Vault count percentage of total count
                 A         B        C        D         E       F
            +---------+---------+-------+---------+---------+-------
      Total |     125 |      16 |  11.3 |      48 |       8 |  14.3
            +---------+---------+-------+---------+---------+-------
        D:1 |      29 |      16 |  35.6 |      17 |       8 |  32.0
        D:2 |      88 |       0 |   0.0 |      27 |       0 |   0.0
        D:3 |       8 |       0 |   0.0 |       4 |       0 |   0.0
            +---------+---------+-------+---------+---------+-------
